RES
LIDCOMBE SWANS @ LEICHHARDT LIONS
04/25/2022
 
TOP OF THE 1ST
Lidcombe Swans batting - Pitching for Leichhardt Lions : RHP Luke Burge
Pitching: RHP Luke Burge
Batting: LHB Denis Wych 0-0: Called Strike
0-1: Called Strike
0-2: Foul Ball, location: 2F
0-2: Foul Ball, location: 9LMFF
0-2: Ball
1-2: DOUBLE (Line Drive, 78D, EV 100.6 MPH)
Batting: RHB Linc Ellis 0-0: Called Strike
0-1: Fly out, F8 (Flyball, 8RD, EV 88.1 MPH)
Batting: LHB Tony Bellett 0-0: Ball
Denis Wych steals 3rd base
1-0: Foul Ball, location: 7LMF
1-1: Ball
2-1: Ball
3-1: Foul Ball, location: 7LSFF
3-2: 2-RUN HOME RUN (Flyball, 89XD, EV 102.5 MPH), Distance : 424 ft
Batting: LHB Reegan Meggison 0-0: Called Strike
0-1: Called Strike
0-2: Fly out, F3 (Line Drive, 34, EV 71.9 MPH)
Batting: LHB Zachariah Folkes 0-0: Foul Ball, location: 2LF
0-1: Ball
1-1: Ball
2-1: Foul Ball, location: 25F
2-2: Strikes out swinging
Top of the 1st over - 2 runs, 2 hits, 0 errors, 0 left on base; Lidcombe 2 - Leichhardt 0
BOTTOM OF THE 1ST
Leichhardt Lions batting - Pitching for Lidcombe Swans : LHP Keary Bowering
Pitching: LHP Keary Bowering
Batting: SHB Robb Deadman 0-0: Ball
1-0: Foul Ball, location: 9LMF
1-1: Swinging Strike
1-2: Ball
2-2: Strikes out looking
Batting: LHB Danny Martin 0-0: Called Strike
0-1: Ball
1-1: Ball
2-1: Called Strike
2-2: Foul Ball, location: 7LDF
2-2: Strikes out swinging
Batting: LHB Frank Sheard 0-0: Foul Ball, location: 7LMF
0-1: Foul Ball, location: 7LMF
0-2: Fly out, F8 (Flyball, 8RM, EV 90.6 MPH)
Bottom of the 1st over - 0 runs, 0 hits, 0 errors, 0 left on base; Lidcombe 2 - Leichhardt 0
TOP OF THE 2ND
Lidcombe Swans batting - Pitching for Leichhardt Lions : RHP Luke Burge
Batting: RHB Kurt Daley 0-0: Ball
1-0: SINGLE (Line Drive, 34D, EV 95.6 MPH)
Batting: LHB Cal Sheldrake 0-0: Ball
1-0: Sac Bunt to 25 - play at first, batter OUT! 5-3
Kurt Daley to second
Batting: RHB Karmichael Heighway 0-0: Called Strike
0-1: SINGLE (Line Drive, 34D, EV 100.0 MPH)
Kurt Daley to third
Batting: RHB John Goodall 0-0: Ball
1-0: Foul Ball, location: 25F
1-1: Ball
2-1: Foul Ball, location: 9LMF
2-2: Ball
3-2: Foul Ball, location: 3SF
3-2: Strikes out swinging
Batting: LHB Denis Wych 0-0: Called Strike
0-1: Ball
1-1: TRIPLE (Flyball, 7LD, EV 94.4 MPH)
Kurt Daley scores
Karmichael Heighway scores
Batting: RHB Linc Ellis 0-0: Fly out, F6 (Popup, 4MD, EV 51.9 MPH)
Top of the 2nd over - 2 runs, 3 hits, 0 errors, 1 left on base; Lidcombe 4 - Leichhardt 0
BOTTOM OF THE 2ND
Leichhardt Lions batting - Pitching for Lidcombe Swans : LHP Keary Bowering
Batting: LHB Davin Gilder 0-0: Ground out 4-3 (Groundball, 4, EV 83.8 MPH)
Batting: LHB Keegan Goldthorpe 0-0: SINGLE (Popup, 3D, EV 46.9 MPH)
Batting: LHB Joba Clifton 0-0: Foul Ball, location: 2F
0-1: Ball
1-1: Swinging Strike
1-2: Ball
2-2: Strikes out looking
Batting: SHB Jason Coaker 0-0: Ball
1-0: SINGLE (Line Drive, 78M, EV 97.5 MPH)
Keegan Goldthorpe to second
Batting: SHB Jim Stoneman 0-0: Called Strike
0-1: Called Strike
0-2: Foul Ball, location: 9LSF
0-2: Ball
1-2: Ball
2-2: Foul Ball, location: 2F
2-2: Foul Ball, location: 9LSF
2-2: Ball
3-2: SINGLE (Line Drive, 78S, EV 106.9 MPH)
Keegan Goldthorpe to third
Jason Coaker to second
Keegan Goldthorpe scores
Jason Coaker to third
Batting: RHB Abe Tofield 0-0: Swinging Strike
0-1: Called Strike
0-2: Ball
1-2: Strikes out looking
Bottom of the 2nd over - 1 run, 3 hits, 0 errors, 2 left on base; Lidcombe 4 - Leichhardt 1
TOP OF THE 3RD
Lidcombe Swans batting - Pitching for Leichhardt Lions : RHP Luke Burge
Batting: LHB Tony Bellett 0-0: Swinging Strike
0-1: Foul Ball, location: 3DF
0-2: Ball
1-2: Strikes out swinging, 2-3 out at first.
Batting: LHB Reegan Meggison 0-0: Ball
1-0: Ground out 1-3 (Groundball, 13S, EV 68.1 MPH)
Batting: LHB Zachariah Folkes 0-0: Ball
1-0: Ball
2-0: Foul Ball, location: 7LDF
2-1: Swinging Strike
2-2: DOUBLE (Groundball, 5L, EV 105.6 MPH)
Batting: RHB Kurt Daley 0-0: Ball
1-0: Fly out, F9 (Line Drive, 9, EV 88.1 MPH)
Top of the 3rd over - 0 runs, 1 hit, 0 errors, 1 left on base; Lidcombe 4 - Leichhardt 1
BOTTOM OF THE 3RD
Leichhardt Lions batting - Pitching for Lidcombe Swans : LHP Keary Bowering
Batting: SHB Robb Deadman 0-0: Called Strike
0-1: Ball
1-1: Foul Ball, location: 25F
1-2: Strikes out swinging
Batting: LHB Danny Martin 0-0: Foul Ball, location: 2F
0-1: Foul Ball, location: 2F
0-2: Fly out, F6 (Popup, 6, EV 74.4 MPH)
Batting: LHB Frank Sheard 0-0: Ball
1-0: Ground out U3 (Groundball, 3L, EV 100.6 MPH)
Bottom of the 3rd over - 0 runs, 0 hits, 0 errors, 0 left on base; Lidcombe 4 - Leichhardt 1
TOP OF THE 4TH
Lidcombe Swans batting - Pitching for Leichhardt Lions : RHP Luke Burge
Batting: LHB Cal Sheldrake 0-0: Foul Ball, location: 2F
0-1: Foul Ball, location: 7LMF
0-2: Ball
1-2: Foul Ball, location: 7LDF
1-2: Fly out, F9 (Line Drive, 9, EV 101.9 MPH)
Batting: RHB Karmichael Heighway 0-0: Ball
1-0: Called Strike
1-1: Ball
2-1: Ball
3-1: Foul Ball, location: 9LSF
3-2: Fly out, F9 (Flyball, 9D, EV 108.8 MPH)
Batting: RHB John Goodall 0-0: Ball
1-0: Swinging Strike
1-1: Ball
2-1: Swinging Strike
2-2: Strikes out looking
Top of the 4th over - 0 runs, 0 hits, 0 errors, 0 left on base; Lidcombe 4 - Leichhardt 1
BOTTOM OF THE 4TH
Leichhardt Lions batting - Pitching for Lidcombe Swans : LHP Keary Bowering
Batting: LHB Davin Gilder 0-0: Ball
1-0: Called Strike
1-1: Foul Ball, location: 2F
1-2: Strikes out looking
Batting: LHB Keegan Goldthorpe 0-0: Swinging Strike
0-1: Ball
1-1: Foul Ball, location: 5SF
1-2: Strikes out swinging passed ball, reaches first!
Batting: LHB Joba Clifton 0-0: Swinging Strike
0-1: Ball
1-1: Swinging Strike
1-2: DOUBLE (Flyball, 7LD, EV 94.4 MPH)
Keegan Goldthorpe to third
Runner from 3rd tries for Home, SAFE, throw by LF to home
Batting: SHB Jason Coaker 0-0: Ball
1-0: Called Strike
1-1: Swinging Strike
1-2: Foul Ball, location: 2F
1-2: Ball
2-2: Ball
3-2: Ground out 6-3 (Groundball, 56, EV 80.6 MPH)
Batting: SHB Jim Stoneman 0-0: Called Strike
0-1: Foul Ball, location: 2F
0-2: Fly out, F8 (Flyball, 8LXD, EV 111.3 MPH)
Bottom of the 4th over - 1 run, 1 hit, 0 errors, 1 left on base; Lidcombe 4 - Leichhardt 2
TOP OF THE 5TH
Lidcombe Swans batting - Pitching for Leichhardt Lions : RHP Luke Burge
Batting: LHB Denis Wych 0-0: Ball
1-0: Ball
2-0: Foul Ball, location: 2F
2-1: Ground out 3-1 (Groundball, 34, EV 79.4 MPH)
Batting: RHB Linc Ellis 0-0: Ball
1-0: Ball
2-0: Ball
3-0: Called Strike
3-1: SINGLE (Line Drive, 7S, EV 105.0 MPH)
Batting: LHB Tony Bellett 0-0: Called Strike
0-1: Foul Ball, location: 7LSF
0-2: Fielders Choice at 2nd, 6-4 (Groundball, 6D, EV 94.4 MPH)
Batting: LHB Reegan Meggison 0-0: Foul Ball, location: 2F
0-1: Ball
1-1: Ball
2-1: Foul Ball, location: 25F
Balk!
Tony Bellett to second
2-2: Ball
3-2: Foul Ball, location: 3F
3-2: 2-RUN HOME RUN (Flyball, 9LD, EV 92.5 MPH), Distance : 339 ft
Pitching: LHP Beau Tuckett
Batting: LHB Zachariah Folkes 0-0: Ball
1-0: Called Strike
1-1: Called Strike
1-2: Foul Ball, location: 3F
1-2: Strikes out swinging
Top of the 5th over - 2 runs, 2 hits, 0 errors, 0 left on base; Lidcombe 6 - Leichhardt 2
BOTTOM OF THE 5TH
Leichhardt Lions batting - Pitching for Lidcombe Swans : LHP Keary Bowering
Batting: RHB Abe Tofield 0-0: Ball
1-0: Ground out 6-3 (Groundball, 6M, EV 100.0 MPH)
Batting: SHB Robb Deadman 0-0: Ball
1-0: Fly out, F7 (Flyball, 7, EV 85.6 MPH)
Batting: LHB Danny Martin 0-0: Ball
1-0: Fly out, F9 (Flyball, 9LS, EV 88.8 MPH)
Bottom of the 5th over - 0 runs, 0 hits, 0 errors, 0 left on base; Lidcombe 6 - Leichhardt 2
TOP OF THE 6TH
Lidcombe Swans batting - Pitching for Leichhardt Lions : LHP Beau Tuckett
Batting: RHB Kurt Daley 0-0: Called Strike
0-1: Foul Ball, location: 3FF
0-2: Ball
1-2: Ground out 6-3 (Groundball, 6, EV 106.3 MPH)
Batting: LHB Cal Sheldrake 0-0: Ball
1-0: Foul Ball, location: 2F
1-1: SINGLE (Line Drive, 9S, EV 91.3 MPH)
Batting: RHB Karmichael Heighway 0-0: Grounds into double play, 4-6-3 (Groundball, 4, EV 91.9 MPH)
Top of the 6th over - 0 runs, 1 hit, 0 errors, 0 left on base; Lidcombe 6 - Leichhardt 2
BOTTOM OF THE 6TH
Leichhardt Lions batting - Pitching for Lidcombe Swans : LHP Keary Bowering
Batting: LHB Frank Sheard 0-0: SINGLE (Line Drive, 9LS, EV 94.4 MPH)
Batting: LHB Davin Gilder 0-0: Ball
1-0: Ball
2-0: Grounds into double play, 5-4-3 (Groundball, 56, EV 84.4 MPH)
Batting: LHB Keegan Goldthorpe 0-0: Called Strike
0-1: Called Strike
0-2: Ball
1-2: Fly out, F8 (Flyball, 8RD, EV 98.1 MPH)
Bottom of the 6th over - 0 runs, 1 hit, 0 errors, 0 left on base; Lidcombe 6 - Leichhardt 2
TOP OF THE 7TH
Lidcombe Swans batting - Pitching for Leichhardt Lions : LHP Beau Tuckett
Batting: RHB John Goodall 0-0: Ball
1-0: Called Strike
1-1: Foul Ball, location: 9LDF
1-2: Ball
2-2: Ball
3-2: Strikes out swinging
Batting: LHB Denis Wych 0-0: Called Strike
0-1: Fly out, F9 (Flyball, 89M, EV 100.6 MPH)
Batting: RHB Linc Ellis 0-0: SINGLE (Groundball, 3D, EV 96.3 MPH)
Batting: LHB Tony Bellett 0-0: Ground out 2-3 (Groundball, 2L, EV 66.9 MPH)
Top of the 7th over - 0 runs, 1 hit, 0 errors, 1 left on base; Lidcombe 6 - Leichhardt 2
BOTTOM OF THE 7TH
Leichhardt Lions batting - Pitching for Lidcombe Swans : LHP Keary Bowering
Batting: LHB Joba Clifton 0-0: Called Strike
0-1: Ball
1-1: Ball
2-1: Foul Ball, location: 5F
2-2: Fly out, F2 (Popup, 5SF, EV 75.6 MPH)
Batting: SHB Jason Coaker 0-0: Ball
1-0: Ball
2-0: Foul Ball, location: 5FF
2-1: Fly out, F7 (Line Drive, 7LM, EV 96.3 MPH)
Batting: SHB Jim Stoneman 0-0: Foul Ball, location: 3SF
0-1: Ball
1-1: Ball
2-1: Called Strike
2-2: Ground out U3 (Groundball, 23, EV 81.9 MPH)
Bottom of the 7th over - 0 runs, 0 hits, 0 errors, 0 left on base; Lidcombe 6 - Leichhardt 2
TOP OF THE 8TH
Lidcombe Swans batting - Pitching for Leichhardt Lions : LHP Beau Tuckett
Batting: LHB Reegan Meggison 0-0: Ball
1-0: Ball
2-0: Fly out, F7 (Line Drive, 78M, EV 95.6 MPH)
Batting: LHB Zachariah Folkes 0-0: Called Strike
0-1: Ball
1-1: Fly out, F8 (Flyball, 8RD, EV 96.9 MPH)
Batting: RHB Kurt Daley 0-0: Fly out, F8 (Flyball, 8RD, EV 105.6 MPH)
Top of the 8th over - 0 runs, 0 hits, 0 errors, 0 left on base; Lidcombe 6 - Leichhardt 2
BOTTOM OF THE 8TH
Leichhardt Lions batting - Pitching for Lidcombe Swans : LHP Keary Bowering
Pitching: RHP Bob Sheard
Now at 1B: Kurtis Hetherington
Batting: RHB Abe Tofield 0-0: Ball
1-0: Called Strike
1-1: Ball
2-1: Fly out, F7 (Flyball, 7, EV 80.6 MPH)
Batting: SHB Robb Deadman 0-0: Foul Ball, location: 9LSF
0-1: Foul Ball, location: 5DF
0-2: Strikes out swinging
Batting: LHB Danny Martin 0-0: Called Strike
0-1: Ground out 5-3 (Groundball, 56S, EV 86.9 MPH)
Bottom of the 8th over - 0 runs, 0 hits, 0 errors, 0 left on base; Lidcombe 6 - Leichhardt 2
TOP OF THE 9TH
Lidcombe Swans batting - Pitching for Leichhardt Lions : LHP Beau Tuckett
Pitching: RHP Brian Phippen
Batting: LHB Cal Sheldrake 0-0: Ball
1-0: Ball
2-0: Ball
3-0: Called Strike
3-1: Called Strike
3-2: Foul Ball, location: 3SF
3-2: Ground out 4-3 (Groundball, 4, EV 91.3 MPH)
Batting: RHB Karmichael Heighway 0-0: Foul Ball, location: 2F
0-1: Swinging Strike
0-2: Ball
1-2: Strikes out looking
Batting: RHB John Goodall 0-0: Ball
1-0: Ball
2-0: Foul Ball, location: 2F
2-1: Ball
3-1: Foul Ball, location: 2F
3-2: Ground out 6-3 (Groundball, 6, EV 95.0 MPH)
Top of the 9th over - 0 runs, 0 hits, 0 errors, 0 left on base; Lidcombe 6 - Leichhardt 2
BOTTOM OF THE 9TH
Leichhardt Lions batting - Pitching for Lidcombe Swans : RHP Bob Sheard
Batting: LHB Frank Sheard 0-0: Foul Ball, location: 7LDF
0-1: Foul Ball, location: 5FF
0-2: Foul Ball, location: 23F
0-2: Ball
1-2: Strikes out swinging
Batting: LHB Davin Gilder 0-0: Ball
1-0: Called Strike
1-1: Swinging Strike
1-2: Ball
2-2: DOUBLE (Flyball, 8RXD, EV 112.5 MPH)
Batting: LHB Keegan Goldthorpe 0-0: Ball
1-0: Called Strike
1-1: Ball
2-1: Swinging Strike
2-2: Ball
3-2: Foul Ball, location: 25F
3-2: Ground out 4-3 (Groundball, 4, EV 98.8 MPH)
Davin Gilder to third
Batting: LHB Joba Clifton 0-0: Foul Ball, location: 7LSF
0-1: Ball
1-1: Called Strike
1-2: 2-RUN HOME RUN (Flyball, 9D, EV 96.3 MPH), Distance : 376 ft
Pitching: RHP Paul Batchelor
Batting: SHB Jason Coaker 0-0: Ball
1-0: Called Strike
1-1: Ball
2-1: SINGLE (Flyball, 56D, EV 86.3 MPH)
Pinch Hitting: LHB Steve Epton 0-0: Ball
Pickoff Throw to First - Error! E1
Jason Coaker to second
1-0: Ball
2-0: Foul Ball, location: 2F
2-1: Swinging Strike
2-2: Ball
3-2: Foul Ball, location: 2LF
3-2: Base on Balls
Pinch Hitting: LHB Errol Rokocoko 0-0: Ball
1-0: Foul Ball, location: 2F
1-1: SINGLE (Groundball, 13, EV 67.5 MPH) (infield hit)
Jason Coaker to third
Steve Epton to second
Batting: SHB Robb Deadman 0-0: Ball
1-0: Ball
2-0: Ball
3-0: Called Strike
3-1: Base on Balls
Jason Coaker scores
Steve Epton to third
Errol Rokocoko to second
Batting: LHB Danny Martin 0-0: Ball
1-0: Foul Ball, location: 3FF
1-1: Fielders Choice at 2nd, U6 (Groundball, 6M, EV 103.8 MPH)
Bottom of the 9th over - 3 runs, 4 hits, 1 error, 3 left on base; Lidcombe 6 - Leichhardt 5
Friday, April 26th , 2024 - OOTP Baseball 24.9 Build 80